 Dungeon Crawl Stone Soup version 0.30-a0-782-ge64f9170bb (webtiles) character file.

Game seed: 6742706035804874426

121 senseless the Sneak (level 5, -3/37 HPs)
             Began as an Octopode Delver on Feb 24, 2023.
             Slain by a white imp (5 damage)
             ... summoned by Natasha
             ... on level 3 of the Dungeon.
             The game lasted 00:05:43 (2152 turns).

senseless the Sneak (Octopode Delver)               Turns: 2152, Time: 00:05:43

Health: -3/37      AC:  1    Str: 11    XL:     5   Next: 5%
Magic:  1/5        EV: 14    Int: 13    God:
Gold:   194        SH:  0    Dex: 15    Spells: 1/4 levels left

rFire   . . .      SeeInvis .    a - +0 falchion
rCold   . . .      Faith    .    (no shield)
rNeg    . . .      Spirit   .    (helmet restricted)
rPois   .          Reflect  .    (no amulet)
rElec   .          Harm     .    (no ring)
rCorr   .          Rampage  .    (no ring)
Will    .....                    (no ring)
Stlth   +++++                    (no ring)
HPRegen 0.26/turn                (no ring)
MPRegen 0.09/turn                (no ring)
                                 (no ring)
                                 (no ring)

@: about to teleport, very slightly contaminated
A: almost no armour, amphibious, 8 rings, camouflage 1, gelatinous body 1,
(nimble swimmer 1), tentacles
a: no special abilities


You were on level 3 of the Dungeon.
You visited 1 branch of the dungeon, and saw 5 of its levels.

You collected 194 gold pieces.

Inventory:

Hand Weapons
 a - a +0 falchion (weapon)
Wands
 f - a wand of digging (3)
 g - a wand of flame (25) (quivered)
Scrolls
 b - 2 scrolls of fog
 c - a scroll of magic mapping
 d - a scroll of fear
 h - a scroll of teleportation
 i - 2 scrolls of identify {unknown}
 k - a scroll of brand weapon {unknown}
 l - a scroll of amnesia {unknown}
Potions
 e - a potion of haste
 j - 2 potions of degeneration {unknown}


   Skills:
 + Level 3.7 Fighting
 + Level 3.0 Long Blades
 + Level 3.0 Dodging
 + Level 7.4 Stealth


You had one spell level left.
You knew the following spells:

 Your Spells              Type           Power      Damage    Failure   Level
a - Call Canine Familiar  Summ           0%         N/A       67%         3

Your spell library contained the following spells:

 Spells                   Type           Power      Damage    Failure   Level
 Summon Small Mammal      Summ           0%         N/A       30%         1
 Portal Projectile        Hex/Tloc       0%         N/A       67%         3
 Summon Guardian Golem    Hex/Summ       0%         N/A       67%         3
 Leda's Liquefaction      Hex/Erth       0%         N/A       97%         4


Dungeon Overview and Level Annotations

Branches:
Dungeon (5/15)
 Temple: D:4-7

Altars:
Vehumet

Annotations:
D:3 Natasha
D:5 exclusion: statue


Innate Abilities, Weirdness & Mutations

You cannot wear most types of armour.
You are amphibious.
You can wear up to eight rings at the same time.
Your skin changes colour to match your surroundings (Stealth+).
Your rubbery body absorbs attacks. (AC +1, EV +1)
((You are camouflaged when in or above water. (Stealth+)))
You have tentacles for arms and can constrict up to eight enemies at once.


Message History

Casting: Call Canine Familiar (extremely dangerous; 67% risk of failure)
Confirm with . or Enter, or press ? or * to list all spells.
The spell is extremely dangerous to miscast (67% risk of failure)!
Continue anyway?
You miscast Call Canine Familiar.
You are very lightly contaminated with residual magic.
Something forms from out of thin air.
Natasha hisses angrily.
A nameless horror comes into view.
Natasha casts a spell at you. You resist with some effort.
Casting: Call Canine Familiar (extremely dangerous; 67% risk of failure)
Confirm with . or Enter, or press ? or * to list all spells.
Okay, then.
The nameless horror attacks as you move away!
The nameless horror hits you.
You feel your power leaking away.
Natasha mumbles some strange words.
The nameless horror attacks as you move away!
The nameless horror hits you.
The nameless horror attacks as you move away!
The nameless horror hits you!
You hit the white imp. You grab the white imp.
Your squeeze misses the white imp.
The white imp is lightly wounded.
You constrict the white imp, but do no damage.
The white imp hits you. The white imp freezes you.
* * * LOW HITPOINT WARNING * * *
The nameless horror hits you.
* * * LOW HITPOINT WARNING * * *
As you read the scroll labelled WUZXO LUNKY, it crumbles to dust.
You feel strangely unstable.
It was a scroll of teleportation.
You constrict the white imp. The nameless horror closely misses you.
The white imp closely misses you.
You hit the white imp.
The white imp is moderately wounded.
You constrict the white imp. The nameless horror closely misses you.
The white imp hits you.
* * * LOW HITPOINT WARNING * * *
The white imp freezes you.
You die...

# ##.....## # ##.......##.
## ### #...........
.###.## #...........
.##.#.## #.........#.
...###.# #..........
.##.#.## #h.........
.###[#### #X#....### ##
#....# #@#.##.# ####.#
#5#.# .# #.# #.#h##.# #
##.# #......# ## ##..#
###.#.##
.####...##########....####
.'.............).........'
.###........######....####
## #.#..###.# .#..##


You could see a nameless horror, Natasha and a white imp (summoned).

Vanquished Creatures
  A hound (D:3)
  Natasha (D:3)
  An adder (D:5)
  2 worms (D:2)
  3 dart slugs
  An orc (D:2)
  3 endoplasms (D:2)
  6 giant cockroaches
  3 goblins
  6 hobgoblins
  3 quokkas
  6 ball pythons
  A bat (D:2)
  4 kobolds
  5 rats (D:2)
46 creatures vanquished.

Notes
Turn   | Place    | Note
-------+----------+-------------------------------------------
     0 | D:5      | senseless the Octopode Delver began the quest for the Orb.
     0 | D:5      | Reached XP level 1. HP: 16/16 MP: 1/1
    35 | D:5      | Reached XP level 2. HP: 19/21 MP: 2/2
    85 | D:5      | Found a radiant altar of Vehumet.
    87 | D:5      | Noticed a charred statue
   116 | D:3      | Reached skill level 7 in Stealth
   116 | D:3      | Reached XP level 3. HP: 10/26 MP: 3/3
   420 | D:2      | Reached XP level 4. HP: 31/31 MP: 4/4
   526 | D:1      | Found a faded altar of an unknown god.
   788 | D:1      | Learned a level 3 spell: Call Canine Familiar
  1919 | D:3      | Noticed Natasha
  1925 | D:3      | Killed Natasha
  1926 | D:3      | Reached XP level 5. HP: 14/37 MP: 1/5
  2141 | D:3      | Noticed Natasha
  2142 | D:3      | Noticed a nameless horror
  2152 | D:3      | Slain by a white imp

Illustrated notes

Levels and vault maps discovered:
D:1:      dpeg_arrival_simpleton_b, layout_loops_ring,
          shapermc_ecumenical_altar_venn, minmay_misc_feat_encased,
          minmay_hexomino_p4
D:2:      layout_basic
D:3:      layout_loops_corners, grunt_decor_cap, uniq_sigmund, uniq_natasha
D:4:      layout_cave_pools, gammafunk_ghost_stat_death
D:5:      layout_layer_cave, kennysheep_mini_moat, overflow_temple_1_default,
          vehumet_statue, nzn_overflow_gifts_of_might_and_magic,
          uniq_prince_ribbit1

Skill      XL: |  1  2  3  4 |
---------------+-------------+-----
Stealth        | 7 |  7.4
Long Blades    | 3 |  3.0
Dodging        | 3 |  3.0
Fighting       | |  3.7

Action                     |  1- 3 |  4- 6 || total
---------------------------+-------+-------++-------
  Melee: Falchion          |    28 |    54 ||    82
         Constrict         |     6 |    16 ||    22
         Tentacles         |     4 |    12 ||    16
   Cast: Call Canine Famil |       |     2 ||     2
    Use: Scroll            |       |     1 ||     1
   Stab: Sleeping          |     6 |    14 ||    20
 Armour: Skin              |     2 |     3 ||     5
  Dodge: Dodged            |    18 |    32 ||    50

Table legend: (Time is in decaauts)
 A = Elapsed time spent in this place.
 B = Non-inter-level travel time spent in this place.
 C = Inter-level travel time spent in this place.
 D = Time resting spent in this place.
 E = Time spent auto-exploring this place.
 F = Levels seen in this place.
 G = Mean time per level.
                   A        B        C        D        E       F      G
               +--------+--------+--------+--------+--------+-----+--------+
         Total |   2173 |   2116 |     57 |      0 |   1770 |   5 |  434.6 |
       Dungeon |   2173 |   2116 |     57 |      0 |   1770 |   5 |  434.6 |
               +--------+--------+--------+--------+--------+-----+--------+

Top non-repeatable levels by time:
     D:2: 793 daAuts
     D:1: 782 daAuts
     D:3: 485 daAuts
     D:5: 99 daAuts
     D:4: 11 daAuts
